[Event "Oregon Closed 2014"]
[Site "Portland"]
[Date "2014.02.17"]
[Round "5"]
[White "Grabinsky, Aaron"]
[Black "Russell, Corey"]
[Result "1/2-1/2"]
[ECO "B03"]
[WhiteElo "2185"]
[BlackElo "2232"]
[Annotator "Alpernas,Grisha"]
[PlyCount "164"]
[TimeControl "40/120, SD/60;d5"]

1. e4 Nf6 2. e5 Nd5 3. d4 d6 4. c4 Nb6 5. exd6 exd6 6.
Nf3 Be7 7. b3 O-O 8. Nc3 c5 9. Be3 Nc6 10. Rc1 Bg4 11. dxc5 dxc5 12. Be2 a5 13.
a4 Nb4 14. O-O Bf5 15. Nd2 Qc7 16. Nde4 Rad8 17. Qe1 h6 18. f3 Bxe4 19. fxe4
Nd3 20. Bxd3 Rxd3 21. Bf4 Qd7 22. Kh1 Bg5 23. Bxg5 hxg5 24. Rf5 Qd4 25. Nd5
Nxd5 26. Rxd5 Re3 27. Rxd4 Rxe1+ 28. Rxe1 cxd4 29. Kg1 f6 30. Rd1 Rd8 31. Kf2
Kf7 32. Ke2 Ke6 33. Kd3 Ke5 34. Rb1 Rh8 35. b4 axb4 36. Rxb4 Rxh2 37. g3 Rg2
38. Rb5+ Kd6 39. Kxd4 Rxg3 40. Rxb7 Ra3 41. Ra7 g6 42. c5+ Ke6 43. Ra6+ Ke7 44.
Kd5 Rd3+ 45. Kc4 Re3 46. Kd5 Rd3+ 47. Kc4 Re3 48. Kd4 Ra3 49. e5 fxe5+ 50. Kxe5
g4 51. Rxg6 Rxa4 52. Rg7+ Kd8 53. Kd6 Rd4+ 54. Kc6 Rb4 55. Rd7+ Kc8 56. Ra7 Kd8
57. Ra8+ Ke7 58. Kc7 g3 59. Rg8 Rb3 60. c6 Rc3 61. Kb7 Rb3+ 62. Kc8 Rb6 63. c7
Rb3 64. Rg6 Rc3 65. Rg4 Rb3 66. Re4+ Kf7 67. Re2 Kf8 68. Ra2 Ke7 69. Rd2 Ke8
70. Rd8+ Ke7 71. Rd7+ Ke8 72. Rg7 Rc3 73. Kb7 Rb3+ 74. Kc6 Rc3+ 75. Kd6 Rd3+
76. Ke6 Re3+ 77. Kd5 Rc3 78. Kd6 Rd3+ 79. Kc6 Rc3+ 80. Kb7 Rb3+ 81. Kc8 Rc3 82.
Rg6 Rb3 1/2-1/2

[Event "Oregon Closed 2014"]
[Site "Portland"]
[Date "2014.02.15"]
[Round "2"]
[White "Haessler, Carl"]
[Black "Esler, Brian"]
[Result "0-1"]
[ECO "A02"]
[WhiteElo "2200"]
[BlackElo "2146"]
[Annotator "Alpernas,Grisha"]
[PlyCount "54"]
[TimeControl "40/120, SD/60;d5"]

1. f4 Nf6 2. Nf3 g6 3. e3 Bg7 4. Be2 O-O 5. O-O d5 6. d3
c5 7. Na3 Nc6 8. c4 Bg4 9. Ne5 Bxe2 10. Qxe2 Nxe5 11. fxe5 Nd7 12. d4 Qb6 13.
cxd5 cxd4 14. Nc4 Qc5 15. d6 Nxe5 16. dxe7 Rfe8 17. Nxe5 Qxe5 18. Qf3 Rxe7 19.
exd4 Qxd4+ 20. Kh1 Qe4 21. Qb3 Qe6 22. Qa3 Rae8 23. Bg5 f6 24. Bh4 Qc4 25. Bg3
Re2 26. b3 Qe4 27. Rg1 f5 0-1

[Event "Oregon Closed 2014"]
[Site "Portland"]
[Date "2014.02.22"]
[Round "6"]
[White "Haessler, Carl"]
[Black "Gay, Daniel"]
[Result "0-1"]
[ECO "A49"]
[WhiteElo "2200"]
[BlackElo "2210"]
[Annotator "Alpernas,Grisha"]
[PlyCount "88"]
[TimeControl "40/120, SD/60;d5"]

1. Nf3 Nf6 2. g3 g6 3. b3 Bg7 4. Bb2 d6 5. d4 c5 6. Bg2
cxd4 7. Nxd4 d5 8. O-O Nc6 9. Nd2 Qb6 10. e3 Bg4 11. f3 Bd7 12. Qe2 Nh5 13. c3
O-O 14. f4 Nf6 15. c4 dxc4 16. Nxc4 Qa6 17. Rfe1 Rfd8 18. Rac1 Rac8 19. a4 Nxd4
20. Bxd4 Be6 21. Qb2 Ne8 22. Ne5 Bxe5 23. Bxe5 Nd6 24. Bf1 Qb6 25. Rxc8 Rxc8
26. Bxd6 Qxd6 27. Rc1 Rxc1 28. Qxc1 Qb6 29. Bc4 Bxc4 30. bxc4 Qb3 31. a5 Qb4
32. a6 b6 33. Kf2 Qa4 34. c5 Qc6 35. Qd2 Qxc5 36. Qd7 b5 37. Qb7 Kg7 38. g4 b4
39. h3 h5 40. g5 Qc2+ 41. Kg3 b3 42. Qxe7 b2 43. Qe5+ Kh7 44. Qf6 Qb3 0-1

[Event "Oregon Closed 2014"]
[Site "Portland"]
[Date "2014.02.16"]
[Round "4"]
[White "Haessler, Carl"]
[Black "Grabinsky, Aaron"]
[Result "1-0"]
[ECO "A05"]
[WhiteElo "2200"]
[BlackElo "2185"]
[Annotator "Alpernas,Grisha"]
[PlyCount "109"]
[TimeControl "40/120, SD/60;d5"]

1. Nf3 Nf6 2. g3 e6 3. Bg2 Be7 4. O-O b6 5. d4 Bb7 6.
Nbd2 O-O 7. c4 c5 8. e3 cxd4 9. exd4 d6 10. b3 Nbd7 11. Qe2 Rc8 12. Bb2 Re8 13.
Rfe1 Bf8 14. Rac1 a6 15. Qd3 Qc7 16. Ng5 Bxg2 17. Kxg2 Qb7+ 18. Qf3 d5 19. Kg1
Rc7 20. cxd5 Rxc1 21. Rxc1 exd5 22. Nf1 h6 23. Nh3 Ne4 24. Nf4 Ndf6 25. Ne3 Bd6
26. Nd3 g6 27. Ne5 Bxe5 28. dxe5 Nd7 29. Ng4 Ng5 30. Qc3 d4 31. Qc6 Qxc6 32.
Rxc6 h5 33. Rd6 hxg4 34. Rxd7 Rc8 35. Kg2 Nf3 36. h3 Ne1+ 37. Kh2 d3 38. hxg4
d2 39. Kh3 Rc2 40. Rd8+ Kh7 41. e6 Rxb2 42. e7 d1=Q 43. e8=Q Qxd8 44. Qxd8 Rxf2
45. Qxb6 Rxa2 46. Qa7 Kg7 47. Qd4+ Kh7 48. Qe4 Ra1 49. b4 Rd1 50. Qe2 Ra1 51.
Qe8 Nd3 52. Qxf7+ Kh6 53. Qf8+ Kh7 54. Qe7+ Kg8 55. Qd8+ 1-0

[Event "Oregon Closed 2014"]
[Site "Portland"]
[Date "2014.02.23"]
[Round "8"]
[White "Haessler, Carl"]
[Black "Raptis, Nick"]
[Result "1/2-1/2"]
[ECO "A29"]
[WhiteElo "2200"]
[BlackElo "2368"]
[Annotator "Alpernas,Grisha"]
[PlyCount "87"]
[TimeControl "40/120, SD/60;d5"]

1. c4 e5 2. g3 Nf6 3. Bg2 d5 4. cxd5 Nxd5 5. Nc3 Nb6 6.
Nf3 Nc6 7. O-O Be7 8. d3 Be6 9. Be3 O-O 10. Qd2 f6 11. Rfc1 Nd5 12. Nxd5 Bxd5
13. Bc5 a5 14. Ne1 Bxg2 15. Nxg2 Bxc5 16. Rxc5 Nd4 17. Rac1 c6 18. Ne1 Ne6 19.
R5c4 Qd5 20. Qe3 Nd4 21. b3 Rfd8 22. Rc5 Qd6 23. Nf3 Ne6 24. R5c4 c5 25. a4 b6
26. h4 Ra7 27. Qe4 Re7 28. Qf5 Rde8 29. R1c2 Qd7 30. h5 Ng5 31. Nh4 Qc6 32. Rg4
e4 33. d4 e3 34. f3 Qd6 35. Qd3 Qe6 36. Qc4 Qxc4 37. Rxc4 Ne6 38. Nf5 Rd7 39.
Re4 Kf7 40. dxc5 Nxc5 41. Rxe8 Kxe8 42. Nxe3 Nxb3 43. Rc8+ Rd8 44. Rc7 1/2-1/2

[Event "Oregon Closed 2014"]
[Site "Portland"]
[Date "2014.02.15"]
[Round "2"]
[White "Raptis, Nick"]
[Black "Bjorksten, Lennart"]
[Result "1-0"]
[ECO "E18"]
[WhiteElo "2368"]
[BlackElo "2170"]
[Annotator "Alpernas,Grisha"]
[PlyCount "51"]
[TimeControl "40/120, SD/60;d5"]

1. Nf3 Nf6 2. c4 e6 3. g3 b6 4. Bg2 Bb7 5. O-O Be7 6. Nc3
O-O 7. d4 d5 8. cxd5 Nxd5 9. Qc2 Nd7 10. Nxd5 exd5 11. Bf4 c6 12. Rac1 Re8 13.
Rfd1 Bf6 14. h4 Nf8 15. Be5 Ng6 16. Bxf6 Qxf6 17. h5 Nf8 18. Ne5 Rac8 19. e3 a6
20. Qb3 b5 21. a4 Rxe5 22. dxe5 Qxe5 23. axb5 axb5 24. Qb4 Qxh5 25. Qe7 Ba8 26.
Rxd5 1-0

[Event "Oregon Closed 2014"]
[Site "Portland"]
[Date "2014.02.22"]
[Round "6"]
[White "Raptis, Nick"]
[Black "Cigan, Jason"]
[Result "1-0"]
[ECO "A48"]
[WhiteElo "2368"]
[BlackElo "2086"]
[Annotator "Alpernas,Grisha"]
[PlyCount "81"]
[TimeControl "40/120, SD/60;d5"]

1. d4 Nf6 2. Nf3 g6 3. Bf4 Bg7 4. e3 O-O 5. h3 d6 6. c4
c5 7. Nc3 Nfd7 8. Be2 Nc6 9. d5 Nce5 10. Nd2 a6 11. a4 h6 12. O-O f5 13. Bg3
Nf6 14. f4 Nf7 15. Bd3 e5 16. dxe6 Bxe6 17. e4 Nxe4 18. Ncxe4 fxe4 19. Bxe4 Nh8
20. Qc2 Bf5 21. Rad1 Qf6 22. b3 Rae8 23. Bxf5 Qxf5 24. Qxf5 gxf5 25. Bf2 Ng6
26. g3 Ne7 27. Nf3 Rf6 28. Rd3 Nc6 29. Rfd1 Bf8 30. Kf1 Rb8 31. Be1 b5 32. Bc3
bxc4 33. bxc4 Rf7 34. Nh4 Nb4 35. R3d2 Kh7 36. Re1 Rbb7 37. Re6 Rbe7 38. Rdxd6
Na2 39. Be5 Rb7 40. Rb6 Rbd7 41. Ng6 1-0

[Event "Oregon Closed 2014"]
[Site "Portland"]
[Date "2014.02.16"]
[Round "4"]
[White "Raptis, Nick"]
[Black "Deeth, Steven"]
[Result "1/2-1/2"]
[ECO "A30"]
[WhiteElo "2368"]
[BlackElo "2142"]
[Annotator "Alpernas,Grisha"]
[PlyCount "89"]
[TimeControl "40/120, SD/60;d5"]

1. c4 c5 2. Nf3 Nc6 3. d4 cxd4 4. Nxd4 Qb6 5. e3 g6 6.
Nc3 Nxd4 7. Nd5 Qd6 8. Qxd4 e5 9. Qd2 Ne7 10. Nc3 Qb8 11. Ne4 Ng8 12. b3 f5 13.
Nc3 Nf6 14. Bb2 Bb4 15. f3 b6 16. a3 Be7 17. Nd5 Nxd5 18. Qxd5 d6 19. f4 Bb7
20. Qb5+ Kf7 21. O-O-O Be4 22. fxe5 a6 23. e6+ Kxe6 24. Qb4 Rc8 25. Bd3 Bxg2
26. Rhg1 Qb7 27. e4 Bxe4 28. Bxe4 fxe4 29. Qc3 Kd7 30. Qg7 Kc6 31. Kb1 Bf8 32.
Qg8 Re8 33. Rgf1 Rad8 34. Rf7 Qc8 35. Ra7 Qe6 36. Qxh7 Re7 37. Qh4 Rde8 38.
Rxa6 Kb7 39. Ra4 Bg7 40. Bxg7 Rxg7 41. Qg5 e3 42. Qd5+ Qxd5 43. cxd5 Rf7 44.
Rc4 Rf5 45. Rc2 1/2-1/2

[Event "Oregon Closed 2014"]
[Site "Portland"]
[Date "2014.02.23"]
[Round "9"]
[White "Raptis, Nick"]
[Black "Russell, Corey"]
[Result "1-0"]
[ECO "E06"]
[WhiteElo "2368"]
[BlackElo "2232"]
[Annotator "Alpernas,Grisha"]
[PlyCount "77"]
[TimeControl "40/120, SD/60;d5"]

1. Nf3 Nf6 2. c4 e6 3. g3 d5 4. Bg2 Be7 5. O-O O-O 6. d4
Nc6 7. Nbd2 Ne4 8. Qc2 f5 9. e3 Rb8 10. a3 Bd7 11. b4 Bf6 12. b5 Ne7 13. a4 g5
14. Ba3 Rf7 15. cxd5 exd5 16. Ne5 Rg7 17. Rac1 Rc8 18. Nxe4 fxe4 19. Qb3 Bxe5
20. Bxe7 Qxe7 21. Qxd5+ Qe6 22. Qxe5 Qxe5 23. dxe5 a6 24. Bxe4 axb5 25. Bxb7
Rb8 26. Bd5+ Kf8 27. a5 c6 28. Bxc6 Bxc6 29. Rxc6 Ra7 30. a6 b4 31. Rfc1 b3 32.
Rc8+ Rxc8 33. Rxc8+ Ke7 34. Rb8 Rxa6 35. Rxb3 Ke6 36. Rb5 h5 37. Kg2 g4 38. Rb8
Kf5 39. Rf8+ 1-0

[Event "Oregon Closed 2014"]
[Site "Portland"]
[Date "2014.02.16"]
[Round "4"]
[White "Russell, Corey"]
[Black "Bjorksten, Lennart"]
[Result "1/2-1/2"]
[ECO "B13"]
[WhiteElo "2232"]
[BlackElo "2170"]
[Annotator "Alpernas,Grisha"]
[PlyCount "59"]
[TimeControl "40/120, SD/60;d5"]

1. e4 c6 2. d4 d5 3. exd5 cxd5 4. c4 Nf6 5. Nc3 Nc6 6.
Nf3 Bg4 7. cxd5 Nxd5 8. Qb3 Bxf3 9. gxf3 e6 10. Be3 Bb4 11. Bg2 Qh4 12. O-O Bd6
13. h3 O-O 14. Nxd5 exd5 15. Qxd5 Rad8 16. Qe4 Qf6 17. Rad1 Rfe8 18. Qg4 h6 19.
f4 Ne7 20. Be4 Bc7 21. d5 Bb6 22. Rfe1 Qxb2 23. d6 Qb4 24. dxe7 Rxd1 25. Qxd1
Qxe4 26. Bxb6 Qg6+ 27. Kf1 Qxb6 28. Qd7 Qc6 29. Qxc6 bxc6 30. Rc1 1/2-1/2

[Event "Oregon Closed 2014"]
[Site "Portland"]
[Date "2014.02.22"]
[Round "6"]
[White "Russell, Corey"]
[Black "Deeth, Steven"]
[Result "1-0"]
[ECO "B42"]
[WhiteElo "2232"]
[BlackElo "2142"]
[Annotator "Alpernas,Grisha"]
[PlyCount "47"]
[TimeControl "40/120, SD/60;d5"]

1. e4 c5 2. Nf3 e6 3. d4 cxd4 4. Nxd4 a6 5. Bd3 Bc5 6.
Nb3 Be7 7. Nc3 Qc7 8. Qe2 d6 9. Be3 Nf6 10. O-O-O b5 11. g4 Nc6 12. g5 Nd7 13.
f4 Nc5 14. Rhe1 Nxd3+ 15. Rxd3 O-O 16. Bd2 Nb4 17. Rh3 g6 18. Qf2 Bd7 19. a3
Nc6 20. f5 exf5 21. Nd5 Qd8 22. Nxe7+ Qxe7 23. exf5 Ne5 24. Rxh7 1-0

[Event "Oregon Closed 2014"]
[Site "Portland"]
[Date "2014.02.15"]
[Round "1"]
[White "Russell, Corey"]
[Black "Haessler, Carl"]
[Result "1/2-1/2"]
[ECO "B48"]
[WhiteElo "2232"]
[BlackElo "2200"]
[Annotator "Alpernas,Grisha"]
[PlyCount "77"]
[TimeControl "40/120, SD/60; d5"]

1. e4 c5 2. Nc3 e6 3. Nf3 a6 4. d4 cxd4 5. Nxd4 Nc6 6. a3
Qc7 7. Be3 Nf6 8. Be2 Be7 9. O-O O-O 10. Kh1 b5 11. f4 d6 12. Nxc6 Qxc6 13. Bf3
Bb7 14. Bd4 Nd7 15. e5 d5 16. f5 Bc5 17. f6 Qb6 18. Bxc5 Qxc5 19. Bxd5 Bxd5 20.
Nxd5 Nxe5 21. fxg7 Kxg7 22. Nf6 Rac8 23. Qh5 h6 24. Rae1 Ng6 25. Qxc5 Rxc5 26.
Nd7 Rxc2 27. Nxf8 Nxf8 28. b4 Ng6 29. Re3 Ne7 30. Rg3+ Kf8 31. Rd3 Nd5 32. h3
Ke7 33. Kh2 f5 34. Kg3 Kf6 35. Rf2 Rc1 36. Rd4 Ra1 37. Rd3 Rc1 38. Rb2 Ke5 39.
Re2+ 1/2-1/2

[Event "Oregon Closed 2014"]
[Site "Portland"]
[Date "2014.02.16"]
[Round "4"]
[White "Yu, Corbin"]
[Black "Esler, Brian"]
[Result "1/2-1/2"]
[ECO "E65"]
[WhiteElo "2220"]
[BlackElo "2146"]
[Annotator "Alpernas,Grisha"]
[PlyCount "44"]
[TimeControl "40/120, SD/60;d5"]

1. Nf3 Nf6 2. g3 g6 3. Bg2 Bg7 4. O-O O-O 5. c4 d6 6. Nc3
c5 7. d4 Nc6 8. e3 Bg4 9. h3 Bxf3 10. Bxf3 Nd7 11. d5 Na5 12. Qa4 a6 13. Be2
Ne5 14. f4 Nexc4 15. Bxc4 b5 16. Nxb5 Nxc4 17. Nc3 Nb6 18. Qe4 Qd7 19. Kh2 Qb7
20. Rd1 Bxc3 21. bxc3 e6 22. c4 exd5 1/2-1/2

[Event "Oregon Closed 2014"]
[Site "Portland"]
[Date "2014.02.15"]
[Round "2"]
[White "Yu, Corbin"]
[Black "Russell, Corey"]
[Result "0-1"]
[ECO "A07"]
[WhiteElo "2220"]
[BlackElo "2232"]
[Annotator "Alpernas,Grisha"]
[PlyCount "56"]
[TimeControl "40/120, SD/60;d5"]

1. Nf3 Nf6 2. g3 d5 3. Bg2 Bg4 4. c4 Nc6 5. cxd5 Nxd5 6.
d4 e6 7. O-O Be7 8. Nc3 O-O 9. h3 Bh5 10. e3 f5 11. Qb3 Rb8 12. Bd2 g5 13. Rac1
Bf7 14. Qc2 Qd7 15. a3 g4 16. Nxd5 exd5 17. Ne1 f4 18. gxf4 gxh3 19. Bf3 Kh8
20. Kh1 Rg8 21. Nd3 h2 22. f5 Qxf5 23. Ne5 Qf6 24. Qd1 Be6 25. Qe2 Qh4 26. Bg2
Nxe5 27. dxe5 Rxg2 28. Kxg2 h1=Q+ 0-1